 Dungeon Crawl Stone Soup version 0.28-a0-1339-ga5422284a4 (webtiles) character file.

Game seed: 13413912058806323105

326 bande the Shield-Bearer (level 6, -14/38 HPs)
             Began as a Gargoyle Fighter on Dec 29, 2021.
             Was an Initiate of Okawaru.
             Demolished by an ogre (16 damage)
             ... on level 5 of the Dungeon.
             The game lasted 00:05:12 (4324 turns).

bande the Shield-Bearer (Gargoyle Fighter)          Turns: 4324, Time: 00:05:12

Health: -14/38     AC: 11    Str: 19    XL:     6   Next: 49%
Magic:  6/6        EV:  5    Int:  9    God:    Okawaru [......]
Gold:   1111       SH: 12    Dex: 11    Spells: 5/5 levels left

rFire   . . .      SeeInvis .   a - +0 war axe
rCold   . . .      Faith    .   g - +0 tower shield
rNeg    + . .      Spirit   .   b - +0 scale mail
rPois   ∞          Reflect  .   (no helmet)
rElec   +          Harm     .   (no cloak)
rCorr   .          Rampage  .   (no gloves)
Will    .....                   (no boots)
Stlth   ..........              (no amulet)
HPRegen 0.12/turn               (no ring)
MPRegen 0.10/turn               (no ring)

@: no status effects
A: sickness immunity, AC +4, negative energy resistance 1, electricity
resistance, torment resistance 1, petrification resistance
a: Renounce Religion


You were on level 5 of the Dungeon.
You worshipped Okawaru.
Okawaru was noncommittal.
You visited 2 branches of the dungeon, and saw 6 of its levels.

You collected 1111 gold pieces.

Inventory:

Hand Weapons
 a - a +0 war axe (weapon)
Armour
 b - a +0 scale mail (worn)
 g - a +0 tower shield (worn)
 k - an orb of guile
Jewellery
 d - a +4 ring of protection
 j - a +4 ring of slaying
Wands
 i - a wand of paralysis (7)
Scrolls
 e - 3 scrolls of identify
 f - a scroll of blinking
 h - 2 scrolls of teleportation {unknown}
 l - a scroll of fog {unknown}
Potions
 c - 2 potions of flight
 m - a potion of cancellation


   Skills:
 + Level 4.0 Fighting
 + Level 4.1 Axes
 + Level 4.5 Armour
 + Level 4.5 Shields
 * Level 0.7 Invocations
 * Level 0.5 Evocations


You had 5 spell levels left.
You didn't know any spells.
Your spell library contained the following spells:

 Spells                   Type           Power      Damage    Failure   Level
 Gell's Gravitas          Tloc           0%         N/A       100%        3
 Ozocubu's Armour         Ice            0%         N/A       100%        3
 Teleport Other           Tloc           0%         N/A       100%        3
 Dispersal                Tloc           0%         N/A       100%        6
 Ozocubu's Refrigeration  Ice            0%         4d5       100%        7
 Animate Dead             Necr           Unusable   N/A       N/A         4
 Haunt                    Necr/Summ      Unusable   N/A       N/A         7
 Infestation              Necr           Unusable   N/A       N/A         8

Dungeon Overview and Level Annotations

Branches:
Dungeon (5/15)             Temple (1/1) D:4

Altars:
Ashenzari
Cheibriados
Dithmenos
Elyvilon
Fedhas
Kikubaaqudgha
Makhleb
Nemelex Xobeh
Okawaru
Qazlal
Ru
Sif Muna
Trog
Uskayaw
Vehumet
Yredelemnul
The Shining One


Innate Abilities, Weirdness & Mutations

You are immune to sickness and miasma.
Your stone body is resilient. (AC +4)
You are immune to poison.
You resist negative energy. (rN+)
You are resistant to electric shocks. (rElec)
You are resistant to unholy torment.
You are immune to petrification.


Message History

Found a scroll of identify.
m - a sapphire potion You see here a +0 robe.
e - 5 scrolls of identify (gained 1)
You now have 1111 gold pieces (gained 8).
Done exploring.
As you read the scroll of identify, it crumbles to dust.
c - 2 potions of flight
As you read the scroll of identify, it crumbles to dust.
m - a potion of cancellation Done exploring.
Done exploring.
There is an open door here.
There is a stone staircase leading down here.
You climb downwards.
The ogre shouts!
There is a stone staircase leading up here.
You hit the ogre.
The ogre is lightly wounded.
The ogre closely misses you.
You closely miss the ogre.
The ogre is lightly wounded.
You block the ogre's attack.
You barely miss the ogre.
The ogre is lightly wounded.
The ogre hits you with a +0 giant spiked club!
The ogre hits you with a +0 giant spiked club!!
* * * LOW HITPOINT WARNING * * *
You hit the ogre.
The ogre is moderately wounded.
The ogre hits you with a +0 giant spiked club.
* * * LOW HITPOINT WARNING * * *
You barely miss the ogre.
The ogre is moderately wounded.
You block the ogre's attack.
You hit the ogre.
The ogre is moderately wounded.
You block the ogre's attack.
The ogre hits you with a +0 giant spiked club!
You die...

### ...
#.# #.#
#O# #@#
#<#
#.......#
#.#####.#
#.# #.#
..# ...
..#


You could see an ogre.

Vanquished Creatures
  2 ogres (D:4)
  A gnoll shaman (D:3)
  2 adders
  4 gnolls
  3 dart slugs
  An orc (D:3)
  6 bats
  5 endoplasms
  A giant cockroach (D:2)
  4 goblins
  11 hobgoblins
  4 jackals (D:1)
  8 kobolds
  3 quokkas
  5 ball pythons
  4 frilled lizards
  A rat (D:1)
65 creatures vanquished.

Notes
Turn   | Place    | Note
-------+----------+-------------------------------------------
     0 | D:1      | bande the Gargoyle Fighter began the quest for the Orb.
     0 | D:1      | Reached XP level 1. HP: 14/14 MP: 1/1
   565 | D:1      | Reached XP level 2. HP: 16/19 MP: 2/2
   795 | D:1      | Reached XP level 3. HP: 14/23 MP: 3/3
  1161 | D:2      | Identified a scroll of acquirement
  1164 | D:2      | Acquired 893 gold pieces
  1451 | D:2      | Found a faded altar of an unknown god.
  1765 | D:3      | Reached XP level 4. HP: 28/28 MP: 4/4
  2372 | D:3      | Reached XP level 5. HP: 15/33 MP: 5/5
  2887 | D:4      | Noticed an ogre
  2893 | D:4      | Killed an ogre
  2894 | D:4      | Reached XP level 6. HP: 18/38 MP: 6/6
  3332 | D:4      | Found a staircase to the Ecumenical Temple.
  3340 | Temple   | Entered the Ecumenical Temple
  3395 | Temple   | Became a worshipper of Warmaster Okawaru
  4316 | D:5      | Entered Level 5 of the Dungeon
  4324 | D:5      | Demolished by an ogre

Illustrated notes

Levels and vault maps discovered:
D:1:      amcnicky_arrival_single_pillar, layout_basic
D:2:      layout_rooms, shapermc_ecumenical_altar_mp_highgroup,
          skrybe_limestone_x
D:3:      layout_rooms
D:4:      layout_basic, minmay_temple_entry_drinking_statues, minmay_quantized
D:5:      layout_loops_ring, serial_shops, nicolae_shop_advertising_works
          [nicolae_subvault_shop_adworks], uniq_edmund, uniq_sigmund,
          uniq_pikel, uniq_eustachio
Temple:   compressed_dpeg_circular_temple

Skill      XL: |  1  2  3  4  5  6 |
---------------+-------------------+-----
Axes           | 2 3 4 |  4.1
Armour         | 4 |  4.5
Shields        | 4 |  4.5
Fighting       | 4 |  4.0
Invocations    | |  0.7
Evocations     | |  0.5

Action                   |  1- 3 |  4- 6 || total
-------------------------+-------+-------++-------
Melee: War axe           |   112 |    70 ||   182
  Use: Scroll            |     5 |     2 ||     7
       Potion            |       |     1 ||     1
Armor: Scale mail        |    68 |    42 ||   110
Dodge: Dodged            |    55 |    23 ||    78
Block: Buckler           |    17 |       ||    17
       Tower shield      |    17 |    74 ||    91

Table legend: (Time is in decaauts)
 A = Elapsed time spent in this place.
 B = Non-inter-level travel time spent in this place.
 C = Inter-level travel time spent in this place.
 D = Time resting spent in this place.
 E = Time spent auto-exploring this place.
 F = Levels seen in this place.
 G = Mean time per level.
                   A        B        C        D        E       F      G
               +--------+--------+--------+--------+--------+-----+--------+
         Total |   4435 |   4367 |     68 |   1596 |   2012 |   6 |  739.2 |
       Dungeon |   4354 |   4286 |     68 |   1596 |   2012 |   5 |  870.8 |
        Temple |     80 |     80 |      0 |      0 |      0 |   1 |   80.0 |
               +--------+--------+--------+--------+--------+-----+--------+

Top non-repeatable levels by time:
     D:4: 1617 daAuts
     D:3: 1175 daAuts
     D:1: 1105 daAuts
     D:2: 445 daAuts
  Temple: 80 daAuts
     D:5: 11 daAuts
